 Dungeon Crawl Stone Soup version 0.21-a0-536-gdbbf329 (webtiles) character file.

32732 Lasiace the Thaumaturge (level 13, -1/101 HPs)
             Began as a Gnoll Wanderer on Dec 14, 2017.
             Was an Elder of Ashenzari.
             Slain by a black mamba (2 damage)
             ... on level 3 of the Lair of Beasts.
             The game lasted 02:22:26 (18996 turns).

Lasiace the Thaumaturge (Gnoll Wanderer)           Turns: 18996, Time: 02:22:27

Health: -1/101     AC: 12    Str: 15    XL:     13   Next: 66%
Magic:  3/30       EV: 20    Int: 19    God:    Ashenzari [****..]
Gold:   318        SH:  0    Dex: 15    Spells: 14/39 levels left

rFire    x . .     SeeInvis +   p - staff of conjuration (curse)
rCold    + . .     Gourm    .   (no shield)
rNeg     . . .     Faith    .   F - +2 leather armour of Mumblety Peg {+Fly MR+}
rPois    .         Spirit   .   D - +2 helmet
rElec    .         Reflect  .   (no cloak)
rCorr    .         Harm     .   S - +0 pair of gloves
MR       +....     Clarity  +   d - +0 pair of boots
Stlth    ++++......             I - amulet of magic regeneration (curse)
HPRegen  0.26/turn              O - +3 ring of evasion
MPRegen  0.47/turn              U - ring of ice

@: lethally poisoned (-1 -> -11)
A: distributed training, fangs 1, strong nose
a: Curse Item, Scrying, Renounce Religion, Evoke Flight


You were on level 3 of the Lair of Beasts.
You worshipped Ashenzari.
Ashenzari was greatly pleased with you.
You were hungry.

You visited 2 branches of the dungeon, and saw 14 of its levels.
You also visited: Ossuary.

You collected 855 gold pieces.
You spent 537 gold pieces at shops.

Inventory:

Missiles
 r - a throwing net {=f !f}
Armour
 d - a +0 pair of boots (worn)
 D - a +2 helmet (worn)
 F - the +2 leather armour of Mumblety Peg (worn) {+Fly MR+}
   (You found it on level 8 of the Dungeon)

   It affects your resistance to hostile enchantments.
   It lets you fly.
 R - a +1 robe of cold resistance
 S - a +0 pair of gloves (worn)
Magical Staves
 p - a cursed staff of conjuration (weapon)
Jewellery
 I - a cursed amulet of magic regeneration (around neck)
 O - a +3 ring of evasion (left hand)
 U - a ring of ice (right hand)
Wands
 o - a wand of enslavement (26)
 s - a wand of digging (28)
 y - a wand of polymorph (31)
 z - a wand of random effects (21)
 K - a wand of paralysis (18)
Scrolls
 a - a scroll of summoning
 b - 4 scrolls of blinking {@r5}
 f - 4 scrolls of magic mapping
 h - 6 scrolls of teleportation {@r3}
 i - 4 scrolls of fog
 u - a scroll of fear
 v - 2 scrolls of amnesia
 H - a scroll of remove curse
 J - 2 scrolls of silence {unknown}
 N - a scroll of enchant armour {unknown}
 T - a scroll of identify {@r4}
Potions
 c - a potion of berserk rage {!q}
 e - 3 potions of heal wounds {@q1}
 j - 2 potions of flight
 l - a potion of haste
 m - 2 potions of brilliance
 q - 2 potions of might
 t - 3 potions of curing {@q2}
 x - 2 potions of mutation
 A - a potion of ambrosia
 C - 2 potions of agility
 L - a potion of cancellation
 M - a potion of magic {unknown}
 P - a potion of experience {unknown}
Books
 B - a book of Necromancy

   Spells                             Type                      Level
   a - Pain                           Necromancy                   1
   b - Animate Skeleton               Necromancy                   1
   c - Vampiric Draining              Necromancy                   3
   d - Regeneration                   Charms/Necromancy            3
   e - Animate Dead                   Necromancy                   4
   f - Control Undead                 Necromancy                   4
 E - a book of Frost

   Spells                             Type                      Level
   a - Freeze                         Ice                          1
   b - Throw Frost                    Conjuration/Ice              2
   c - Ozocubu's Armour               Charms/Ice                   3
   d - Throw Icicle                   Conjuration/Ice              4
   e - Summon Ice Beast               Ice/Summoning                4
 G - a book of Conjurations

   Spells                             Type                      Level
   a - Magic Dart                     Conjuration                  1
   b - Searing Ray                    Conjuration                  2
   c - Dazzling Spray                 Conjuration/Hexes            3
   d - Fulminant Prism                Conjuration/Hexes            4
   e - Force Lance                    Conjuration/Translocation    4
   f - Iskenderun's Mystic Blast      Conjuration                  4
Comestibles
 g - 5 meat rations
 k - a royal jelly
 n - 10 bread rations
 w - 2 fruits
 Q - 5 chunks of flesh


   Skills:
 + Level 9.5 Fighting
 + Level 8.3 Short Blades
 + Level 8.3 Long Blades
 + Level 8.3 Axes
 + Level 8.3 Maces & Flails
 + Level 8.3 Polearms
 + Level 8.3 Staves
 + Level 8.3 Slings
 + Level 8.3 Bows
 + Level 8.3 Crossbows
 + Level 8.3 Throwing
 + Level 8.8 Armour
 + Level 8.3 Dodging
 + Level 8.3 Stealth
 + Level 9.5 Shields
 + Level 8.3 Unarmed Combat
 + Level 13.5(16.5) Spellcasting
 + Level 6.9 Conjurations
 + Level 6.9 Hexes
 + Level 6.9 Charms
 + Level 6.9 Summonings
 + Level 6.9 Necromancy
 + Level 6.9 Translocations
 + Level 6.9 Transmutations
 + Level 6.9 Fire Magic
 + Level 6.9 Ice Magic
 + Level 6.9 Air Magic
 + Level 6.9 Earth Magic
 + Level 6.9 Poison Magic
 + Level 9.1 Invocations
 + Level 8.3 Evocations


You had 14 spell levels left.
You knew the following spells:

 Your Spells              Type           Power        Failure   Level  Hunger
a - Magic Dart            Conj           ####         1%          1    None
b - Throw Icicle          Conj/Ice       #######.     2%          4    None
c - Fulminant Prism       Conj/Hex       ######....   2%          4    None
d - Vampiric Draining     Necr           #####.....   1%          3    None
e - Summon Ice Beast      Ice/Summ       ######..     2%          4    None
f - Conjure Flame         Conj/Fire      ######..     1%          3    None
g - Ozocubu's Armour      Chrm/Ice       ######..     1%          3    None
h - Regeneration          Chrm/Necr      #####.....   1%          3    None


Dungeon Overview and Level Annotations

Branches:
Dungeon (10/15)            Temple (0/1) D:7            Lair (4/6) D:10
 Shoals (0/4) Lair:3        Snake (0/4) Lair:3          Orc (0/2) D:9

Altars:
Ashenzari
Cheibriados
Elyvilon
Hepliaklqana
Makhleb
Nemelex Xobeh
Ru
Sif Muna
Trog
Vehumet
Xom
Zin
The Shining One

Shops:
D:6 ?%:*   D:9 :   D:10 *


Innate Abilities, Weirdness & Mutations

Your experience applies equally to all skills.
You have very sharp teeth.
Your uncanny sense of smell can sniff out nearby items.


Message History

Casting: Magic Dart
Confirm with . or Enter, or press ? or * to list all spells.
Aiming: Vampiric Draining
Press: ? - help, Shift-Dir - straight line, f/p - black mamba
Aim: a black mamba (severely wounded)
The black mamba is almost dead.
You feel life coursing into your body. The black mamba bites you.
The black mamba misses you.
The spiny frog stings the fungus!
The black mamba bites you!
* * * LOW HITPOINT WARNING * * *
The porcupine bites something!
The black mamba bites you!
* * * LOW HITPOINT WARNING * * *
The black mamba bites you!
* * * LOW HITPOINT WARNING * * *
You are lethally poisoned!
The black mamba poisons you!
* * * LOW HITPOINT WARNING * * *
You feel sick. The black mamba bites you.
You die...

#####...### #........
#.##..P.# #........
#....#### ###...#.#
#..#P# ##...## ##.{###
#...... #...# ######.
##.r## #.รท
#..+.############# #.#
#....S@<.......#.####.P
#.............+..#....)
#.........(...##.P.....
#.............#P.......
#.............##.#.....
##.............####.....
#...............# #.....
##.>............# ####.#
#.+#.#P..####### ###


You could see a black mamba and a porcupine.

Vanquished Creatures
  Fannar (Lair:1)
  3 hydras
  3 two-headed ogres
  6 death yaks
  An unseen horror (D:8)
  The ghost of RedSky the Grasshopper, a novice BaWr of Okawaru (D:6)
  10 elephants
  2 black mambas (Lair:2)
  2 torpor snails
  2 rime drakes
  3 spiny frogs
  2 hornets
  5 dream sheep
  Prince Ribbit (D:8)
  4 hippogriffs
  44 yaks
  A basilisk (Lair:3)
  A wyvern (D:9)
  A hungry ghost (D:9)
  Menkaure (D:4)
  4 wargs (D:9)
  10 water moccasins
  7 porcupines
  An ice beast (D:9)
  A sky beast (D:10)
  An orc warrior (D:7)
  A phantom (D:9)
  A black bear (D:6)
  2 ogres
  3 wolves (Lair:3)
  8 centaurs
  10 crocodiles
  2 big kobolds (D:10)
  10 bullfrogs
  A water moccasin zombie (Ossuary)
  3 scorpions
  6 killer bees
  4 howler monkeys
  2 centaur zombies
  3 crimson imps
  4 hounds
  An iron imp (D:6)
  4 orc priests
  4 jellies
  4 bullfrog skeletons
  2 centaur skeletons
  2 iguanas
  Natasha (thrice) (D:2)
  6 orc wizards
  7 worker ants
  A killer bee zombie (D:6)
  6 big kobold zombies (Ossuary)
  2 mummies (Ossuary)
  A worker ant zombie (D:5)
  A howler monkey skeleton (D:7)
  16 gnolls
  10 adders
  5 shadow imps
  An ooze (D:5)
  4 adder zombies (Ossuary)
  An adder skeleton (D:8)
  2 worms (D:4)
  4 dart slugs
  6 leopard geckos
  44 orcs
  5 bats
  5 giant cockroaches
  3 gnoll zombies (Ossuary)
  13 goblins
  12 hobgoblins
  13 jackals
  16 kobolds
  7 quokkas
  2 ball pythons (D:4)
  7 frilled lizards
  3 hobgoblin zombies (Ossuary)
  A jackal skeleton (D:5)
  10 kobold zombies (Ossuary)
  A leopard gecko skeleton (D:5)
  A leopard gecko zombie (D:6)
  4 orc zombies (Ossuary)
  A quokka skeleton (D:7)
  6 rats
  A fungus (Lair:3)
426 creatures vanquished.

Vanquished Creatures (collateral kills)
  2 death yaks (D:10)
  An elephant (Lair:3)
  A dream sheep (Lair:2)
  5 yaks (D:10)
  An orc warrior (D:10)
  A wolf (Lair:3)
  An orc (D:10)
12 creatures vanquished.

Vanquished Creatures (others)
  An orc zombie (Ossuary)
  8 fulminant prisms
  11 fungi
  26 plants (Lair:3)
46 creatures vanquished.

Grand Total: 484 creatures vanquished

Notes
Turn   | Place    | Note
-------+----------+-------------------------------------------
     0 | D:1      | Reached skill level 11 in Spellcasting
     0 | D:1      | Lasiace the Gnoll Wanderer began the quest for the Orb.
     0 | D:1      | Lasiace set off with: a bread ration, a +0 spear, a +2 scale mail, Sisuk's Compendium of Conjuration
     0 | D:1      | Reached XP level 1. HP: 20/20 MP: 12/12
     0 | D:1      | Identified Sisuk's Compendium of Conjuration
     2 | D:1      | Learned a level 1 spell: Magic Dart
   230 | D:1      | Reached XP level 2. HP: 26/26 MP: 5/14
   994 | D:2      | Reached XP level 3. HP: 31/31 MP: 10/15
  1119 | D:2      | Reached skill level 1 in Invocations
  1194 | D:2      | Noticed Natasha
  1199 | D:2      | Killed Natasha
  1199 | D:2      | Reached skill level 1 in Short Blades
  1199 | D:2      | Reached skill level 1 in Long Blades
  1199 | D:2      | Reached skill level 1 in Axes
  1199 | D:2      | Reached skill level 1 in Maces & Flails
  1199 | D:2      | Reached skill level 1 in Polearms
  1199 | D:2      | Reached skill level 1 in Staves
  1199 | D:2      | Reached skill level 1 in Slings
  1199 | D:2      | Reached skill level 1 in Bows
  1199 | D:2      | Reached skill level 1 in Crossbows
  1199 | D:2      | Reached skill level 1 in Throwing
  1199 | D:2      | Reached skill level 1 in Dodging
  1199 | D:2      | Reached skill level 1 in Stealth
  1199 | D:2      | Reached skill level 1 in Unarmed Combat
  1199 | D:2      | Reached skill level 1 in Evocations
  1199 | D:2      | Reached XP level 4. HP: 38/38 MP: 12/17
  1214 | D:2      | Noticed Natasha
  1228 | D:2      | Killed Natasha
  1234 | D:2      | Reached skill level 1 in Conjurations
  1234 | D:2      | Reached skill level 1 in Hexes
  1234 | D:2      | Reached skill level 1 in Charms
  1234 | D:2      | Reached skill level 1 in Summonings
  1234 | D:2      | Reached skill level 1 in Necromancy
  1234 | D:2      | Reached skill level 1 in Translocations
  1234 | D:2      | Reached skill level 1 in Transmutations
  1234 | D:2      | Reached skill level 1 in Fire Magic
  1234 | D:2      | Reached skill level 1 in Ice Magic
  1234 | D:2      | Reached skill level 1 in Air Magic
  1234 | D:2      | Reached skill level 1 in Earth Magic
  1234 | D:2      | Reached skill level 1 in Poison Magic
  1390 | D:2      | Noticed Natasha
  1400 | D:2      | Killed Natasha
  1400 | D:2      | Reached XP level 5. HP: 26/43 MP: 11/18
  1708 | D:2      | Found a sparkling altar of Nemelex Xobeh.
  2080 | D:2      | Found a radiant altar of Vehumet.
  2080 | D:2      | Found a burning altar of Makhleb.
  2276 | D:3      | Learned a level 3 spell: Conjure Flame
  2454 | D:3      | Reached XP level 6. HP: 26/50 MP: 14/20
  2890 | D:3      | Found a faded altar of an unknown god.
  2922 | D:3      | Became a worshipper of Ashenzari the Shackled
  2922 | D:3      | Reached * piety under Ashenzari
  3008 | D:3      | Found a shattered altar of Ashenzari.
  3181 | D:3      | Found a deep blue altar of Sif Muna.
  3181 | D:3      | Found a hazy altar of Hepliaklqana.
  3188 | D:4      | Noticed Menkaure
  3309 | D:4      | Reached skill level 5 in Fighting
  3309 | D:4      | Reached skill level 5 in Shields
  3430 | D:4      | Killed Menkaure
  3430 | D:4      | Reached XP level 7. HP: 31/56 MP: 16/21
  3826 | D:4      | Noticed a two-headed ogre
  3877 | D:4      | Learned a level 3 spell: Regeneration
  3881 | D:4      | Learned a level 3 spell: Vampiric Draining
  4042 | D:5      | Entered Level 5 of the Dungeon
  4774 | D:5      | Reached ** piety under Ashenzari
  5029 | D:5      | Found a sacrificial altar of Ru.
  5134 | D:5      | Reached XP level 8. HP: 63/63 MP: 13/23
  5272 | D:6      | Found Viywuoq's Book Emporium.
  5273 | D:6      | Found Zuomodom's Food Boutique.
  5350 | D:6      | Noticed RedSky's ghost (novice BaWr)
  5544 | D:6      | Paralysed by RedSky's ghost for 7 turns
  5590 | D:6      | Killed RedSky's ghost
  5612 | D:6      | Found Gofo's Magic Scroll Shoppe.
  5615 | D:6      | Bought a scroll of enchant weapon for 82 gold pieces
  5615 | D:6      | Bought a scroll of identify for 22 gold pieces
  5615 | D:6      | Bought a scroll of torment for 82 gold pieces
  5772 | D:6      | Found Onakeaff's Assorted Antiques.
  5781 | D:6      | Bought a scroll labeled SOEZXUISOECW for 27 gold pieces
  5781 | D:6      | Bought a scroll labeled KAPIAFEDEA for 27 gold pieces
  5781 | D:6      | Bought 2 fuming white potions for 48 gold pieces
  5834 | D:6      | Found a snail-covered altar of Cheibriados.
  5883 | D:6      | Reached XP level 9. HP: 54/69 MP: 8/24
  6090 | D:6      | Found a white marble altar of Elyvilon.
  6095 | D:6      | Found a glowing silver altar of Zin.
  6096 | D:6      | Found a glowing golden altar of the Shining One.
  6434 | D:7      | Learned a level 3 spell: Ozocubu's Armour
  6439 | D:7      | Learned a level 4 spell: Summon Ice Beast
  6444 | D:7      | Learned a level 4 spell: Throw Icicle
  6819 | D:7      | Found a staircase to the Ecumenical Temple.
  7186 | D:8      | Noticed a two-headed ogre
  7261 | D:8      | Killed an unseen horror
  7261 | D:8      | Reached skill level 5 in Armour
  7317 | D:8      | Found a sand-covered staircase.
  7322 | Ossuary  | Entered an ossuary
  7859 | Ossuary  | Reached skill level 5 in Invocations
  7949 | D:8      | Reached skill level 12 in Spellcasting
  7967 | D:8      | Noticed Prince Ribbit
  7972 | D:8      | Killed Prince Ribbit
  7998 | D:8      | Got the uncursed leather armour of Mumblety Peg {+Fly MR+}
  8009 | D:8      | Identified the +2 leather armour of Mumblety Peg {+Fly MR+} (You found it on level 8 of the Dungeon)
  8024 | D:8      | Found a bloodstained altar of Trog.
  8097 | D:8      | Reached XP level 10. HP: 77/77 MP: 21/26
  8369 | D:8      | Found a shimmering altar of Xom.
  8766 | D:8      | Killed a two-headed ogre
  8766 | D:8      | Reached skill level 5 in Short Blades
  8766 | D:8      | Reached skill level 5 in Long Blades
  8766 | D:8      | Reached skill level 5 in Axes
  8766 | D:8      | Reached skill level 5 in Maces & Flails
  8766 | D:8      | Reached skill level 5 in Polearms
  8766 | D:8      | Reached skill level 5 in Staves
  8766 | D:8      | Reached skill level 5 in Slings
  8766 | D:8      | Reached skill level 5 in Bows
  8766 | D:8      | Reached skill level 5 in Crossbows
  8766 | D:8      | Reached skill level 5 in Throwing
  8766 | D:8      | Reached skill level 5 in Dodging
  8766 | D:8      | Reached skill level 5 in Stealth
  8766 | D:8      | Reached skill level 5 in Unarmed Combat
  8766 | D:8      | Reached skill level 5 in Evocations
  8902 | D:4      | Killed a two-headed ogre
  9227 | D:9      | Found Udaentef's Book Emporium.
  9349 | D:9      | Paralysed by a hornet for 1 turns
  9858 | D:9      | Reached *** piety under Ashenzari
  9990 | D:9      | Reached XP level 11. HP: 84/84 MP: 15/27
 10322 | D:9      | Found a staircase to the Orcish Mines.
 10415 | D:10     | Entered Level 10 of the Dungeon
 10420 | D:10     | Found Muloqi's Assorted Antiques.
 10432 | D:10     | Bought a scroll of identify for 56 gold pieces
 10432 | D:10     | Bought 3 scrolls of identify for 168 gold pieces
 10432 | D:10     | Bought a brown potion for 25 gold pieces
 10601 | D:10     | Noticed a death yak
 10651 | D:10     | Found a staircase to the Lair.
 10818 | D:10     | Reached skill level 5 in Conjurations
 10818 | D:10     | Reached skill level 5 in Hexes
 10818 | D:10     | Reached skill level 5 in Charms
 10818 | D:10     | Reached skill level 5 in Summonings
 10818 | D:10     | Reached skill level 5 in Necromancy
 10818 | D:10     | Reached skill level 5 in Translocations
 10818 | D:10     | Reached skill level 5 in Transmutations
 10818 | D:10     | Reached skill level 5 in Fire Magic
 10818 | D:10     | Reached skill level 5 in Ice Magic
 10818 | D:10     | Reached skill level 5 in Air Magic
 10818 | D:10     | Reached skill level 5 in Earth Magic
 10818 | D:10     | Reached skill level 5 in Poison Magic
 10987 | D:10     | Noticed a two-headed ogre
 10990 | D:10     | Killed a two-headed ogre
 11187 | D:10     | Noticed a death yak
 11212 | D:10     | Killed a death yak
 11284 | D:10     | Noticed a death yak
 11934 | D:10     | Found a staircase to the Lair.
 11976 | D:10     | Found Muloqi's Assorted Antiques.
 12381 | D:10     | Killed a death yak
 13024 | D:10     | Killed a death yak
 13024 | D:10     | Reached XP level 12. HP: 77/93 MP: 3/28
 13106 | Lair:1   | Entered Level 1 of the Lair of Beasts
 13173 | Lair:1   | Noticed a seven-headed hydra
 13180 | Lair:1   | Killed a seven-headed hydra
 14664 | Lair:2   | Noticed a seven-headed hydra
 14676 | Lair:2   | Killed a seven-headed hydra
 14676 | Lair:2   | Reached skill level 13 in Spellcasting
 14938 | Lair:2   | Reached **** piety under Ashenzari
 14940 | Lair:2   | Noticed Fannar
 16061 | Lair:2   | Reached XP level 13. HP: 36/101 MP: 6/30
 17414 | Lair:1   | Killed Fannar
 17557 | Lair:3   | Found a staircase to the Snake Pit.
 18080 | Lair:3   | Found a staircase to the Shoals.
 18648 | Lair:3   | Learned a level 4 spell: Fulminant Prism
 18995 | Lair:3   | HP: 2/101 [black mamba (7)]
 18996 | Lair:3   | Slain by a black mamba

Vault maps used:
D:1:      ncdulo_watergridlock, chequers_big_river
D:2:      gammafunk_temple_overflow_statue, marbit_many_paths, uniq_natasha
D:3:      nicolae_overflow_hidden_temple, first_bread,
          chequers_ecumenical_altar_island
D:4:      minivault_25, uniq_menkaure
D:5:      nicolae_ru_path_of_blood
D:6:      good_gods_temple_1, slow_altar_2, serial_shops, shop,
          nicolae_shop_temple_entry_statues_fountains, shop,
          kennysheep_mini_moat, corexii_hall_statues_t
D:7:      minmay_temple_entry_enclosed_plants
D:8:      lightli_temple_of_fire, nicolae_overflow_crystal_walls,
          enter_ossuary_5, uniq_prince_ribbit1
D:9:      minmay_orc_entry_guard_dogs, serial_curves, eino_curves_01,
          eino_curves_02, eino_curves_03, eino_curves_03, serial_shops,
          shop_fountains
D:10:     dpeg_lair_monsters, serial_shops, nicolae_shop_waterfront
Lair:1:   beast_lair_carwin_3
Lair:2:   serial_bayou_shore_b, uniq_fannar
Lair:3:   minmay_shoals_entry_centaurs, dummy_snake_entry,
          nicolae_quartered_pool_medium
Lair:4:   beast_lair_carwin_5
Ossuary:  ossuary_tomb_2

Skill      XL: |  1  2  3  4  5  6  7  8  9 10 11 12 13 |
---------------+----------------------------------------+-----
Spellcasting   | 12 13 | 13.5
Invocations    | 1 2 3 4 5 6 7 8 9 |  9.1
Short Blades   | 1 2 3 4 5 6 7 8 |  8.3
Long Blades    | 1 2 3 4 5 6 7 8 |  8.3
Axes           | 1 2 3 4 5 6 7 8 |  8.3
Maces & Flails | 1 2 3 4 5 6 7 8 |  8.3
Polearms       | 1 2 3 4 5 6 7 8 |  8.3
Staves         | 1 2 3 4 5 6 7 8 |  8.3
Slings         | 1 2 3 4 5 6 7 8 |  8.3
Bows           | 1 2 3 4 5 6 7 8 |  8.3
Crossbows      | 1 2 3 4 5 6 7 8 |  8.3
Throwing       | 1 2 3 4 5 6 7 8 |  8.3
Dodging        | 1 2 3 4 5 6 7 8 |  8.3
Stealth        | 1 2 3 4 5 6 7 8 |  8.3
Unarmed Combat | 1 2 3 4 5 6 7 8 |  8.3
Evocations     | 1 2 3 4 5 6 7 8 |  8.3
Conjurations   | 1 2 3 4 5 6 |  6.9
Hexes          | 1 2 3 4 5 6 |  6.9
Charms         | 1 2 3 4 5 6 |  6.9
Summonings     | 1 2 3 4 5 6 |  6.9
Necromancy     | 1 2 3 4 5 6 |  6.9
Translocations | 1 2 3 4 5 6 |  6.9
Transmutations | 1 2 3 4 5 6 |  6.9
Fire Magic     | 1 2 3 4 5 6 |  6.9
Ice Magic      | 1 2 3 4 5 6 |  6.9
Air Magic      | 1 2 3 4 5 6 |  6.9
Earth Magic    | 1 2 3 4 5 6 |  6.9
Poison Magic   | 1 2 3 4 5 6 |  6.9
Armour         | 3 4 5 6 7 8 |  8.8
Fighting       | 5 6 7 8 9 |  9.5
Shields        | 5 6 7 8 9 |  9.5

Action                   |  1- 3 |  4- 6 |  7- 9 | 10-12 | 13-15 || total
-------------------------+-------+-------+-------+-------+-------++-------
Melee: Spear             |    13 |     1 |       |       |       ||    14
       Bite              |     1 |     3 |     2 |    12 |     4 ||    22
       Long sword        |       |     5 |       |       |       ||     5
       Staff             |       |       |    14 |    44 |    19 ||    77
       Punch             |       |       |       |     3 |     1 ||     4
 Cast: Magic Dart        |    72 |   228 |   546 |   432 |    32 ||  1310
       Vampiric Draining |       |       |    26 |    19 |     5 ||    50
       Regeneration      |       |       |     2 |     1 |     1 ||     4
       Throw Icicle      |       |       |    14 |   240 |   118 ||   372
       Ozocubu's Armour  |       |       |     1 |     4 |     5 ||    10
       Summon Ice Beast  |       |       |       |    37 |     9 ||    46
       Fulminant Prism   |       |       |       |       |     8 ||     8
Invok: Curse Item        |       |       |     2 |       |       ||     2
Evoke: Wand              |       |       |       |     1 |       ||     1
  Use: Scroll            |     2 |     4 |    10 |     7 |       ||    23
       Potion            |       |       |       |       |     1 ||     1
 Stab: Distracted        |       |       |       |     1 |       ||     1
  Eat: Chunk             |     1 |     7 |    11 |    24 |     3 ||    46
       Meat ration       |       |       |     1 |       |     1 ||     2
Armor: Scale mail        |     1 |       |       |       |       ||     1
       Leather armour    |     3 |     9 |     2 |    80 |    16 ||   110
       Robe              |       |    10 |    59 |       |       ||    69
Dodge: Dodged            |     8 |    43 |   233 |   254 |    79 ||   617
       Rpst.: Long sword |       |     3 |       |       |       ||     3

Table legend:
 A = Spawn XP
 B = Non-spawn XP
 C = Spawn XP percentage of total XP
 D = Spawn monster count
 E = Non-spawn monster count
 F = Spawn count percentage of total count
 G = Total turns spent on level
                    A         B        C        D         E        F      G
               +---------+---------+-------+---------+---------+-------+---------
         Total |       0 |   46760 |   0.0 |       0 |     437 |   0.0 | 18996
               +---------+---------+-------+---------+---------+-------+---------
           D:1 |       0 |      29 |   0.0 |       0 |      16 |   0.0 |   930
           D:2 |       0 |     237 |   0.0 |       0 |      30 |   0.0 |  1268
           D:3 |       0 |     160 |   0.0 |       0 |      41 |   0.0 |  1143
           D:4 |       0 |    1300 |   0.0 |       0 |      21 |   0.0 |   810
           D:5 |       0 |     456 |   0.0 |       0 |      26 |   0.0 |  1378
           D:6 |       0 |    1111 |   0.0 |       0 |      19 |   0.0 |   856
           D:7 |       0 |     649 |   0.0 |       0 |      20 |   0.0 |  1006
           D:8 |       0 |    3002 |   0.0 |       0 |      32 |   0.0 |  1064
           D:9 |       0 |    3094 |   0.0 |       0 |      38 |   0.0 |  1367
          D:10 |       0 |    8354 |   0.0 |       0 |      59 |   0.0 |  2747
        Lair:1 |       0 |    6528 |   0.0 |       0 |      28 |   0.0 |  1682
        Lair:2 |       0 |    9282 |   0.0 |       0 |      33 |   0.0 |  2622
        Lair:3 |       0 |   11025 |   0.0 |       0 |      36 |   0.0 |  1517
        Lair:4 |       0 |    1220 |   0.0 |       0 |       5 |   0.0 |    13
       Ossuary |       0 |     313 |   0.0 |       0 |      33 |   0.0 |   593
               +---------+---------+-------+---------+---------+-------+---------
